 Dungeon Crawl Stone Soup version 0.26.0-45-g9c1d065592 (webtiles) character file.

Game seed: 5792342972068182375

1101 jlumianski the Chopper (level 8, -11/71 HPs)
             Began as a Palentonga Fighter on Jan 30, 2021.
             Mangled by an ogre
             ... wielding a +0 giant club
              (23 damage)
             ... on level 5 of the Dungeon.
             The game lasted 00:16:58 (5983 turns).

jlumianski the Chopper (Palentonga Fighter)         Turns: 5983, Time: 00:16:58

Health: -11/71     AC: 15    Str: 21    XL:     8   Next: 10%
Magic:  8/8        EV:  6    Int:  9    God:
Gold:   328        SH:  9    Dex: 10    Spells: 7/7 levels left

rFire    . . .     SeeInvis +   a - +1 war axe
rCold    . . .     Faith    .   c - +0 kite shield
rNeg     . . .     Spirit   .   b - +0 scale mail
rPois    .         Reflect  .   (no helmet)
rElec    .         Harm     .   (no cloak)
rCorr    .         Rampage  .   m - +0 pair of gloves
Will     .....                  (no barding)
Stlth    ..........             (no amulet)
HPRegen  0.21/turn              x - ring of see invisible
MPRegen  0.11/turn              (no ring)

@: curled up
A: large, rugged brown scales 3, see invisible, deformed body, roll 1, armoured
tail, reflexive curl
a: Rolling Charge


You were on level 5 of the Dungeon.
You visited 1 branch of the dungeon, and saw 6 of its levels.

You collected 328 gold pieces.

Inventory:

Hand Weapons
 a - a +1 war axe (weapon)
 w - a +0 spear of venom
 y - a +1 dagger of venom
Missiles
 f - 132 stones
 p - 5 curare-tipped darts
 u - 3 boomerangs
 v - 6 poisoned darts (quivered)
Armour
 b - a +0 scale mail (worn)
 c - a +0 kite shield (worn)
 m - a +0 pair of gloves (worn)
 s - a +0 chain mail
 A - a +0 plate armour
Jewellery
 h - an uncursed ring of ice
 x - a ring of see invisible (left hand)
 B - an uncursed ring of ice
Wands
 C - a wand of acid (3)
Scrolls
 e - 3 scrolls of teleportation
 k - 4 scrolls of identify
 l - 5 scrolls of remove curse
 n - a scroll of enchant weapon
 q - a scroll of amnesia {unknown}
 z - a scroll of magic mapping {unknown}
Potions
 d - 2 potions of might
 g - a potion of cancellation
 i - a potion of ambrosia
 j - a potion of invisibility {unknown}
 o - 3 potions of lignification
 r - a potion of degeneration {unknown}
 t - 2 potions of curing


   Skills:
 + Level 4.4 Fighting
 + Level 6.3 Axes
 + Level 0.1 Throwing
 + Level 4.6 Armour
 + Level 2.0 Dodging
 + Level 0.2 Stealth
 + Level 3.5 Shields


You had 7 spell levels left.
You didn't know any spells.
Your spell library was empty.

Dungeon Overview and Level Annotations

Branches:
Dungeon (6/15)
 Temple: D:4-7

Altars:
Ashenzari
Fedhas

Annotations:
D:5 Prince Ribbit


Innate Abilities, Weirdness & Mutations

You are completely covered in rugged brown scales. (AC +3, +7% HP)
You have supernaturally acute eyesight. (SInv)
Armour fits poorly on your strangely shaped body.
You can roll at nearby foes to attack.
You have a long armoured tail.
You curl defensively after being hit.


Message History

You hit the ogre.
Your tail-slap misses the ogre.
The ogre is moderately wounded.
You block the ogre's attack.
You hit the ogre.
The ogre is moderately wounded.
You block the ogre's attack.
You barely miss the ogre.
The ogre is moderately wounded.
The ogre hits you with a +0 giant club!!
You closely miss the ogre.
The ogre is moderately wounded.
You block the ogre's attack.
You slash the ogre!
The ogre is severely wounded.
The ogre hits you with a +0 giant club!
* * * LOW HITPOINT WARNING * * *
You hit the ogre.
The ogre is severely wounded.
The ogre hits you with a +0 giant club!!
You die...

#....... .# ####
#......##.# #...
#.........# #...
#........# #...
###....#.# #...
#......#.###### #...
#.............####...
#....#...†...........
#####.@O.>.............
#.......#.#####.####...
#.........# ..[# #...
#.......### #.### ####
#.......# ...
####....<##.#
#.###....# #. .#### #.
..


You could see an ogre.

Vanquished Creatures
  A water moccasin (D:5)
  An orc warrior (D:5)
  An ogre (D:5)
  A centaur (D:4)
  A bullfrog (D:5)
  A wight (D:6)
  4 howler monkeys
  2 hounds (D:4)
  An orc priest (D:4)
  A bullfrog skeleton (D:3)
  A worker ant (D:4)
  An iguana (D:4)
  5 orc wizards
  7 adders
  An ooze (D:4)
  3 adder skeletons
  2 worms
  3 leopard geckos
  13 orcs
  7 bats
  10 giant cockroaches
  7 goblins
  7 hobgoblins
  5 kobolds
  2 quokkas (D:3)
  2 ball pythons
  5 frilled lizards
  A quokka zombie (D:5)
  5 rats
101 creatures vanquished.

Vanquished Creatures (others)
  4 fungi (D:4)
4 creatures vanquished.

Grand Total: 105 creatures vanquished

Notes
Turn   | Place    | Note
-------+----------+-------------------------------------------
     0 | D:1      | jlumianski the Palentonga Fighter began the quest for the
                  | Orb.
     0 | D:1      | Reached XP level 1. HP: 20/20 MP: 1/1
   430 | D:2      | Reached XP level 2. HP: 19/27 MP: 2/2
   761 | D:1      | Reached XP level 3. HP: 33/33 MP: 3/3
  1900 | D:2      | Reached XP level 4. HP: 41/41 MP: 4/4
  2030 | D:3      | Found a broken altar of Ashenzari.
  2369 | D:4      | Reached skill level 3 in Axes
  2797 | D:3      | Reached XP level 5. HP: 49/49 MP: 5/5
  2963 | D:3      | Reached skill level 4 in Axes
  3029 | D:3      | Reached XP level 6. HP: 38/55 MP: 6/6
  3175 | D:4      | Found a blossoming altar of Fedhas.
  3673 | D:5      | Entered Level 5 of the Dungeon
  3783 | D:4      | Reached skill level 1 in Dodging
  3936 | D:4      | Gained mutation: You curl defensively after being hit.
                  | [Palentonga growth]
  3936 | D:4      | Reached XP level 7. HP: 58/63 MP: 7/7
  4445 | D:4      | Reached skill level 5 in Axes
  5560 | D:6      | Noticed Prince Ribbit
  5565 | D:6      | Reached skill level 6 in Axes
  5937 | D:5      | Reached XP level 8. HP: 69/71 MP: 8/8
  5983 | D:5      | Mangled by an ogre

Illustrated notes

Levels and vault maps discovered:
D:1:      nicolae_arrival_somewhat_less_tricky_arrival, layout_basic,
          amcnicky_mini_pool_small, minmay_octomino_c4
D:2:      layout_basic, small_statue_intersection
D:3:      layout_loops_ring, cheibrodos_ashenzari_chains
D:4:      layout_basic, fedhas_altar_3
D:5:      lemuel_ice_spiral_2, layout_basic, lemuel_coloured_pillars_altar
D:6:      kennysheep_six_static_rooms, layout_loops_ring,
          grunt_temple_overflow_cloverleaf, minmay_temple_entry_wispy,
          uniq_crazy_yiuf_cottage, uniq_prince_ribbit1, uniq_menkaure

Skill      XL: |  1  2  3  4  5  6  7 |
---------------+----------------------+-----
Armour         | 3 4 |  4.6
Axes           | 3 4 6 |  6.3
Shields        | 3 |  3.5
Fighting       | 4 |  4.4
Dodging        | 1 2 |  2.0
Throwing       | |  0.1
Stealth        | |  0.2

Action                   |  1- 3 |  4- 6 |  7- 9 || total
-------------------------+-------+-------+-------++-------
Melee: War axe           |    92 |   152 |    81 ||   325
       Tailslap          |     8 |    12 |     8 ||    28
Throw: Dart              |       |     1 |     4 ||     5
 Abil: Rolling Charge    |    15 |    22 |     9 ||    46
  Use: Potion            |     1 |     2 |     1 ||     4
       Scroll            |     1 |     1 |     4 ||     6
Armor: Scale mail        |    63 |    60 |    42 ||   165
Dodge: Dodged            |    20 |    39 |    28 ||    87
Block: Kite shield       |    59 |    50 |    56 ||   165
